AoeStats
← pa_sk

Marketplace

506227317Analyzed
1v1 RM · 19d ago on Sep 12, 2026· 62m 53s· 2 players
Game mode
Random Map
Map size
Tiny (2 player)
Population
200
Speed
Normal
Resources
Standard
Victory
Conquest
Starting age
Dark Age
Ending age
Imperial Age
RankedLock teamsTeams togetherTeam positionsShared explorationLock speedFull tech treeHidden civsTurbo modeCheats
Victory
Defeat
🇺🇸 Inca · United States
883
+14
🇵🇱 Huns · Poland
845
-14
pa_sk
4:30 Loom
10:47 Feudal Age
11:21 Double-Bit Axe
11:25 Horse Collar
13:57 Bloodlines
19:07 Scale Barding Armor
20:11 Forging
24:11 Castle Age
24:43 Wheelbarrow
25:02 Heavy Plow
24:51 Town Watch
25:15 Caravan
25:37 Thumb Ring
25:40 Gold Mining
26:54 Hand Cart
27:06 Bow Saw
26:46 Man-at-Arms
27:28 Squires
27:29 Long Swordsman
29:24 Arson
30:31 Gold Shaft Mining
30:07 Scale Mail Armor
31:51 Chain Mail Armor
33:45 Iron Casting
40:16 Padded Archer Armor
40:07 Fletching
41:01 Stone Mining
43:56 Imperial Age
41:54 Ballistics
41:34 Bodkin Arrow
41:55 Leather Archer Armor
42:42 Town Patrol
43:11 Masonry
42:56 Murder Holes
44:46 Guilds
45:10 Parthian Tactics
44:48 Bracer
44:26 Pikeman
45:13 Husbandry
44:42 Heavy Cavalry Archer
49:54 Chemistry
50:18 Two-Man Saw
53:33 Conscription
56:08 Elite Skirmisher
62:25 Light Cavalry
What
0:44 Loom
9:23 Feudal Age
10:12 Double-Bit Axe
11:31 Town Watch
18:01 Horse Collar
21:00 Wheelbarrow
21:19 Champi Runner
23:16 Scale Mail Armor
29:46 Castle Age
29:25 Forging
30:05 Fletching
30:44 Bodkin Arrow
30:54 Heavy Plow
31:17 Caravan
31:17 Pikeman
32:53 Chain Mail Armor
33:08 Bow Saw
33:30 Crossbowman
37:04 Squires
38:18 Ballistics
41:12 Fortified Wall
41:31 Thumb Ring
41:49 Town Patrol
41:27 Champi Warrior
43:12 Hand Cart
43:41 Masonry
46:17 Iron Casting
47:09 Murder Holes
47:17 Padded Archer Armor
51:07 Imperial Age
48:54 Elite Skirmisher
50:07 Arson
52:38 Plate Mail Armor
53:32 Bracer
55:14 Chemistry
57:23 Conscription
58:09 Leather Archer Armor
59:48 Fabric Shields
Connection lost

Rejoining the realm…

Still unreachable

The connection could not be restored.

Session expired

The server has moved on; the page needs a fresh start.